 Dungeon Crawl Stone Soup version 0.25.1-8-g42b30a86e7 (webtiles) character file.

Game seed: 11591918385591907950

6015 funkygono the Basher (level 10, -4/63 HPs)
             Began as a Gargoyle Fighter on Dec 11, 2020.
             Was a Priest of Okawaru.
             Slain by an orc knight
             ... wielding a +0 battleaxe
              (24 damage)
             ... in a bailey on Dec 13, 2020.
             The game lasted 00:26:44 (8067 turns).

funkygono the Basher (Gargoyle Fighter)             Turns: 8067, Time: 00:26:45

Health: -4/63      AC: 21    Str: 24    XL:     10   Next: 86%
Magic:  6/11       EV: 12    Int:  8    God:    Okawaru [***...]
Gold:   232        SH: 19    Dex:  9    Spells: 9/9 levels left

rFire    . . .     SeeInvis .   K - +4 whip
rCold    . . .     Gourm    .   c - +0 kite shield
rNeg     + . .     Faith    .   g - +0 chain mail
rPois    ∞         Spirit   .   (no helmet)
rElec    +         Reflect  +   (no cloak)
rCorr    .         Harm     .   o - +0 pair of gloves
MR       +....                  (no boots)
Stlth    ..........             h - amulet of reflection
HPRegen  0.20/turn              k - ring of protection from magic
MPRegen  0.12/turn              I - +4 ring of slaying

@: mighty, heroism
A: negative energy resistance 1, electricity resistance, unbreathing,
petrification resistance, rot immunity, AC +7
a: Heroism, Renounce Religion


You were in a bailey.
You worshipped Okawaru.
Okawaru was most pleased with you.
You were hungry.

You visited 2 branches of the dungeon, and saw 8 of its levels.
You also visited: Sewer, Ossuary and Bailey.

You collected 232 gold pieces.

Inventory:

Hand Weapons
 a - a +2 flail of protection
 b - a +0 hunting sling
 A - a +0 flail
 K - a +4 whip (weapon)
Missiles
 j - 235 stones (quivered)
 p - 41 arrows
 M - 13 sling bullets
 N - 12 bolts
Armour
 c - a +0 kite shield (worn)
 g - a +0 chain mail (worn)
 l - a +0 scale mail
 o - a +0 pair of gloves (worn)
 F - the +0 leather armour of the Rose {rElec rC- Int+3 Stlth+}
   (You found it in an ossuary)

   It affects your intelligence (+3).
   It makes you vulnerable to cold.
   It insulates you from electricity.
   It makes you more stealthy.
Jewellery
 h - an amulet of reflection (around neck)
 i - a +6 ring of intelligence
 k - a ring of protection from magic (left hand)
 m - an uncursed ring of resist corrosion
 H - an uncursed amulet of guardian spirit
 I - a +4 ring of slaying (right hand)
 J - a +6 ring of intelligence
Wands
 x - a wand of flame (8)
 y - a wand of iceblast (10)
Scrolls
 n - 3 scrolls of remove curse
 v - a scroll of amnesia
 B - a scroll of teleportation
 G - 2 scrolls of fear
 O - 2 scrolls of identify
 Q - a scroll of blinking {unknown}
Potions
 d - 6 potions of might
 e - 3 potions of brilliance
 q - 4 potions of resistance
 r - 4 potions of stabbing
 s - 4 potions of haste
 t - 5 potions of heal wounds
 u - 2 potions of flight
 w - a potion of invisibility
 z - a potion of mutation {unknown}
 C - 2 potions of magic {unknown}
 D - 3 potions of cancellation
 E - 6 potions of curing
 P - a potion of berserk rage {unknown}
Comestibles
 f - 10 rations
 L - 19 chunks of flesh


   Skills:
 * Level 7.1(12.1) Fighting
 * Level 9.7(14.7) Maces & Flails
 + Level 1.6(6.6) Slings
 * Level 6.7(11.7) Armour
 * Level 4.2(9.2) Dodging
 + Level 0.3(5.3) Stealth
 * Level 9.6(14.6) Shields
 * Level 2.0 Invocations


You had 9 spell levels left.
You didn't know any spells.
Your spell library was empty.

Dungeon Overview and Level Annotations

Branches:
Dungeon (7/15)             Temple (1/1) D:5           Sewer (visited)
Ossuary (visited)          Bailey (1/1)

Altars:
Cheibriados
Dithmenos
Elyvilon
Fedhas
Gozag
Hepliaklqana
Kikubaaqudgha
Makhleb
Nemelex Xobeh
Okawaru
Qazlal
Ru
Sif Muna
Trog
Uskayaw
Vehumet
Wu Jian
Xom
Yredelemnul
Zin

Shops:
D:5 ?

Annotations:
D:7 2 transporters


Innate Abilities, Weirdness & Mutations

You are resistant to torment.
Your stone body is resilient. (AC +7)
You are immune to poison.
You resist negative energy. (rN+)
You are resistant to electric shocks. (rElec)
You can survive without breathing.
You are immune to petrification.
You are immune to rotting.


Message History

Okawaru is honoured by your kill.
Your Invocations skill increases to level 2!
You hit the orc knight.
The orc knight is heavily wounded.
You whack the orc knight!
The orc knight is heavily wounded.
The orc knight hits you with a +0 battleaxe.
You whack the orc knight!
The orc knight is severely wounded.
You hit the orc knight.
The orc knight is severely wounded.
The orc knight misses you.
You closely miss the orc knight.
The orc knight is severely wounded.
You whack the orc knight!
The orc knight is almost dead.
You closely miss the orc knight.
The orc knight is almost dead.
The orc knight hits you with a +0 battleaxe!!
You die...

#...........#.........
#...))......#.........
###.))).....###........
###.#'#)....###.###.....#
###.....###.###....
###.###
##.........###......
###..
#..........8##o..... #...
#..........8#go..... #...
#∩....⌠....@oog..... #...
#..........8#o...... #...
#......)...8##...... #...
##.........###......
###.. ###...))###.###....
###.###
###.#)#.....###.###.....#
###.).......###.......)
#...........#........)
#...........#.........


You could see an orc knight (strong), 2 orc warriors, a gnoll, 2 orcs and a
goblin.

Vanquished Creatures
  An orc warlord (Bailey)
  An orc knight (Bailey)
  Grinder (D:4)
  2 hippogriffs (D:7)
  Sigmund (D:4)
  Edmund (D:4)
  An ice beast (D:5)
  10 orc warriors
  6 ogres
  A big kobold (Sewer)
  4 bullfrogs
  An elf zombie (Ossuary)
  6 killer bees (D:7)
  A howler monkey (D:4)
  3 centaur zombies
  A crimson imp (D:5)
  2 bullfrog zombies (D:5)
  A jelly (D:6)
  3 orc priests
  3 bullfrog skeletons
  4 hounds
  An orc wizard (D:3)
  2 iguanas
  5 worker ants
  3 big kobold zombies (Ossuary)
  A hound zombie (D:5)
  2 mummies (Ossuary)
  17 gnolls
  A howler monkey skeleton (D:5)
  13 adders
  A shadow imp (D:5)
  2 adder zombies
  An adder skeleton (D:5)
  5 worms
  A dart slug (D:2)
  8 leopard geckos
  31 orcs
  2 ball pythons
  10 giant cockroaches
  23 hobgoblins
  8 jackals
  4 quokkas
  9 bats
  11 frilled lizards
  24 goblins
  A goblin zombie (Ossuary)
  9 hobgoblin zombies (Ossuary)
  A jackal zombie (Ossuary)
  19 kobolds
  9 kobold zombies (Ossuary)
  8 orc zombies (Ossuary)
  12 rats
  2 rat zombies (Ossuary)
  A plant (Sewer)
301 creatures vanquished.

Vanquished Creatures (others)
  A hobgoblin (D:2)
1 creature vanquished.

Grand Total: 302 creatures vanquished

Notes
Turn   | Place    | Note
-------+----------+-------------------------------------------
     0 | D:1      | funkygono the Gargoyle Fighter began the quest for the Orb.
     0 | D:1      | Reached XP level 1. HP: 14/14 MP: 1/1
   180 | D:1      | Reached XP level 2. HP: 18/19 MP: 2/2
   741 | D:1      | You fall into a shaft and drop 1 floor!
   774 | D:2      | Reached XP level 3. HP: 21/23 MP: 3/3
  1521 | D:2      | Reached XP level 4. HP: 26/29 MP: 4/4
  1565 | D:2      | Found a sparkling altar of Nemelex Xobeh.
  2310 | D:3      | Reached XP level 5. HP: 33/33 MP: 5/5
  2348 | D:3      | Reached skill level 1 in Dodging
  2357 | D:3      | Reached skill level 1 in Slings
  2722 | D:3      | Reached XP level 6. HP: 38/38 MP: 6/6
  2799 | D:3      | Found a shadowy altar of Dithmenos.
  3401 | D:4      | Noticed Edmund
  3452 | D:4      | Killed Edmund
  3620 | D:4      | Reached skill level 5 in Shields
  3620 | D:4      | Reached XP level 7. HP: 44/44 MP: 7/7
  3728 | D:4      | Found a sand-covered staircase.
  3733 | Ossuary  | Entered an ossuary
  3965 | Ossuary  | Got a pitted leather armour
  4042 | Ossuary  | Reached skill level 5 in Maces & Flails
  4060 | Ossuary  | Identified the +0 leather armour of the Rose {rElec rC-
                  | Int+3 Stlth+} (You found it in an ossuary)
  4402 | D:4      | Found a shimmering blue altar of Sif Muna.
  4403 | D:4      | Noticed Grinder
  4409 | D:4      | Found a radiant altar of Vehumet.
  4414 | D:4      | Paralysed by Grinder for 6 turns
  4436 | D:4      | Killed Grinder
  4436 | D:4      | Reached XP level 8. HP: 30/48 MP: 8/8
  4779 | D:5      | Entered Level 5 of the Dungeon
  4779 | D:5      | Noticed Sigmund
  4806 | D:4      | Killed Sigmund
  4806 | D:4      | Reached skill level 5 in Fighting
  4887 | D:5      | Reached skill level 5 in Armour
  5044 | D:5      | Found a staircase to the Ecumenical Temple.
  5267 | D:5      | Found a glowing drain.
  5276 | Sewer    | Entered a sewer
  5724 | Temple   | Entered the Ecumenical Temple
  5779 | Temple   | Became a worshipper of Warmaster Okawaru
  5861 | D:5      | Reached XP level 9. HP: 54/54 MP: 9/9
  6122 | D:5      | Found Mebutrar's Magic Scroll Boutique.
  7151 | D:7      | Reached * piety under Okawaru
  7172 | D:7      | Found a transporter.
  7187 | D:7      | Noticed an orc knight
  7188 | D:7      | Found a transporter.
  7194 | D:7      | Noticed a two-headed ogre
  7213 | D:7      | Noticed a hornet
  7309 | D:7      | Found a flagged portal.
  7323 | D:7      | Reached ** piety under Okawaru
  7323 | D:7      | Reached XP level 10. HP: 45/61 MP: 8/10
  7483 | Bailey   | Entered a bailey
  7970 | Bailey   | Noticed an orc warlord
  7970 | Bailey   | Noticed an orc knight
  7970 | Bailey   | Noticed an orc knight
  8039 | Bailey   | Killed an orc warlord
  8039 | Bailey   | Reached *** piety under Okawaru
  8039 | Bailey   | Reached skill level 1 in Invocations
  8060 | Bailey   | Killed an orc knight
  8067 | Bailey   | Slain by an orc knight

Illustrated notes

Levels and vault maps discovered:
D:1:      minmay_arrival_solitary_statue, layout_basic
D:2:      layout_basic, nemelex_altar_shiori, lemuel_another_geyser
D:3:      layout_loops_corners, overflow_temple_1_default, serial_bayou,
          serial_bayou_ford_a, serial_bayou_shore_a, serial_bayou_lagoon_b,
          serial_bayou_pond_d, minmay_joined_circles
D:4:      layout_loops_ring, minitemple, enter_ossuary_2, uniq_grinder,
          uniq_edmund
D:5:      layout_basic, minmay_temple_entry_gardened_gates,
          portal_sewer_entry_d, serial_shops, shop, first_ration, uniq_sigmund
D:6:      layout_cave_pods
D:7:      gammafunk_the_bubble [the_bubble_gammafunk_crates], layout_cave_pools,
          serial_shops, shop, enter_bailey_3
Temple:   nicolae_temple_x_marks_the_god
Bailey:   bailey_axe_minmay_hex_keep, bailey

Skill      XL: |  1  2  3  4  5  6  7  8  9 10 |
---------------+-------------------------------+-----
Shields        | 4 5 6 8 9 |  9.6
Maces & Flails | 3 4 5 7 8 9 |  9.7
Dodging        | 1 2 3 4 |  4.2
Slings         | 1 |  1.6
Armour         | 4 5 6 |  6.7
Fighting       | 4 5 6 7 |  7.1
Invocations    | 2 |  2.0
Stealth        | |  0.3

Action                   |  1- 3 |  4- 6 |  7- 9 | 10-12 || total
-------------------------+-------+-------+-------+-------++-------
Melee: Flail             |   148 |   247 |   373 |    34 ||   802
       Whip              |       |       |   138 |   247 ||   385
 Fire: Hunting sling     |    28 |    55 |    10 |     3 ||    96
Throw: Stone             |     5 |       |       |       ||     5
Invok: Heroism           |       |       |     1 |    15 ||    16
Evoke: Wand              |       |     1 |       |       ||     1
  Use: Scroll            |     2 |     5 |    10 |       ||    17
       Potion            |       |       |       |     3 ||     3
  Eat: Chunk             |     2 |     8 |     7 |     4 ||    21
       Ration            |       |       |     1 |       ||     1
Armor: Chain mail        |   105 |   108 |   190 |    52 ||   455
Dodge: Dodged            |    33 |    34 |   108 |    46 ||   221
Block: Kite shield       |   160 |   168 |   420 |   210 ||   958
       Reflection        |       |     7 |     8 |       ||    15
